Map: Torres Crepusculares

Players

TheZergLord - Winner!

  • Race: Zerg Zerg
  • League: Master

Jeff

  • Race: Protoss Protoss
  • League: Master

VOD

Have the link to the VOD?

Description

Time

  • Played on: May 23, 2016, 7:53 a.m.
  • Length: 9:51
Show
View Real Time Build Order
Export as new Build Order

TheZergLord Zerg - Winner!

Build Orders: Hatch First, Lurkers 

Get SALT Encoding   

  12  0:01  Drone  
  13  0:12  Overlord  
  13  0:18  Drone  
  14  0:31  Drone x2  
  14  0:35  Drone  
  17  0:53  Hatchery  
  17  0:56  Drone  
  17  1:00  Drone  
  18  1:11  Extractor  
  18  1:15  Spawning Pool  
  18  1:17  Drone  
  17  1:21  Drone  
  18  1:29  Drone  
  19  1:39  Overlord  
  19  2:01  Queen  
  19  2:02  Zergling x4  
  19  2:06  Queen, Drone  
  26  2:13  Metabolic Boost  
  26  2:15  Drone  
  27  2:17  Drone  
  28  2:23  Drone  
  28  2:28  Drone  
  30  2:37  Hatchery  
  29  2:48  Drone x2  
  29  2:49  Overlord  
  31  2:51  Zergling x2  
  31  2:56  Zergling x2  
  33  3:06  Zergling x4  
  35  3:14  Zergling x8  
  39  3:21  Overlord  
  39  3:23  Zergling x6  
  42  3:31  Zergling x4  
  44  3:39  Overlord  
  42  3:49  Drone x2  
  42  3:50  Drone x5  
  42  3:55  Queen  
  49  4:07  Drone x4  
  49  4:08  Drone  
  54  4:10  Drone  
  54  4:13  Spore Crawler  
  54  4:14  Spore Crawler  
  52  4:20  Spore Crawler  
  51  4:24  Roach Warren  
  51  4:29  Spore Crawler  
  49  4:36  Drone x5  
  49  4:37  Drone x3  
  57  4:56  Drone x3  
  60  5:07  Roach  
  60  5:08  Roach x2  
  60  5:10  Overlord x4  
  66  5:19  Lair  
  64  5:40  Drone  
  64  5:41  Drone x3, Extractor  
  67  5:44  Drone x13  
  67  5:47  Extractor x2  
  78  5:59  Roach x2  
  78  6:00  Roach  
  78  6:02  Extractor  
  83  6:04  Drone, Extractor  
  83  6:05  Drone x2  
  83  6:09  Drone  
  83  6:11  Roach x5  
  96  6:16  Roach  
  96  6:18  Overlord x2  
  98  6:21  Glial Reconstitution  
  98  6:29  Overlord  
  98  6:30  Overlord x2  
  98  6:33  Hydralisk Den  
  97  6:42  Drone x2  
  97  6:43  Drone x4  
  97  6:44  Drone  
  104  6:47  Drone  
  104  6:50  Zergling x8  
  104  6:51  Zergling x8  
  104  6:52  Evolution Chamber  
  112  7:02  Hydralisk  
  112  7:03  Hydralisk x3, Muscular Augments  
  120  7:12  Overlord x3  
  120  7:14  Overlord x2  
  120  7:15  Overlord x2  
  120  7:18  Zerg Missile Weapons Level 1  
  120  7:20  Hydralisk  
  122  7:32  Hydralisk x6  
  134  7:37  Drone  
  134  7:40  Hydralisk x2  
  134  7:43  Overseer  
  139  7:45  Hydralisk x2  
  139  7:47  Hydralisk  
  145  7:52  Hydralisk x2  
  145  7:53  Hatchery  
  148  8:08  Hydralisk x2  
  148  8:09  Hydralisk x5  
  148  8:10  Hydralisk  
  163  8:18  Lurker Den  
  163  8:20  Zergling x8  
  163  8:21  Zergling x4  
  169  8:34  Overlord x3  
  169  8:43  Hydralisk x4  
  169  8:46  Overlord  
  149  9:30  Drone x2, Spire  
  117  9:49  Lurker x4, Spore Crawler  
Show
View Real Time Build Order
Export as new Build Order

Jeff Protoss 

Build Orders: Dark Templar Rush 

Get SALT Encoding   

  12  0:02  Probe (Chrono Boost)  
  13  0:12  Probe (Chrono Boost)  
  14  0:21  Pylon  
  14  0:24  Probe (Chrono Boost)  
  15  0:39  Probe (Chrono Boost)  
  16  0:42  Gateway  
  16  0:47  Assimilator  
  16  0:49  Probe (Chrono Boost)  
  17  0:58  Assimilator  
  17  1:01  Probe (Chrono Boost)  
  19  1:11  Probe (Chrono Boost)  
  19  1:19  Gateway  
  19  1:22  Probe (Chrono Boost)  
  20  1:31  Cybernetics Core  
  20  1:32  Probe (Chrono Boost)  
  21  1:43  Probe (Chrono Boost)  
  22  1:54  Probe (Chrono Boost)  
  22  1:56  Pylon  
  23  2:10  Warp Gate (Chrono Boost)  
  23  2:14  Probe  
  28  2:15  Adept (Chrono Boost)  
  28  2:17  Adept (Chrono Boost)  
  28  2:18  Twilight Council  
  28  2:26  Probe  
  29  2:30  Gateway  
  29  2:41  Gateway  
  29  2:57  Dark Shrine  
  29  3:00  Pylon  
  29  3:21  Adept  
  30  3:43  Nexus  
  26  4:03  Adept x2  
  26  4:08  Pylon  
  26  4:19  Pylon  
  26  4:30  Dark Templar x2  
  30  4:38  Dark Templar  
  30  4:42  Probe (Chrono Boost)  
  33  4:54  Probe (Chrono Boost)  
  33  4:59  Probe (Chrono Boost)  
  35  5:04  Probe (Chrono Boost)  
  36  5:07  Nexus  
  36  5:09  Probe (Chrono Boost)  
  36  5:11  Stargate  
  37  5:15  Mothership Core (Chrono Boost)  
  39  5:27  Probe (Chrono Boost)  
  40  5:34  Probe (Chrono Boost)  
  39  5:38  Probe (Chrono Boost)  
  36  5:46  Adept x3  
  36  5:47  Probe (Chrono Boost)  
  43  5:53  Pylon  
  43  5:55  Void Ray (Chrono Boost)  
  47  5:57  Probe  
  47  5:58  Probe  
  49  6:05  Assimilator  
  49  6:07  Probe  
  50  6:11  Probe  
  50  6:15  Assimilator  
  50  6:18  Probe  
  52  6:29  Robotics Facility, Probe  
  52  6:32  Probe  
  53  6:33  Pylon, Probe  
  55  6:41  Sentry  
  55  6:43  Sentry x2  
  55  6:46  Probe  
  61  6:48  Probe  
  61  6:49  Probe  
  61  6:53  Assimilator  
  64  6:59  Probe  
  65  7:07  Robotics Facility  
  65  7:10  Probe  
  66  7:20  Probe  
  66  7:22  Immortal  
  71  7:23  Forge  
  71  7:25  Pylon  
  71  7:31  Probe  
  72  7:42  Probe  
  72  7:43  Robotics Bay  
  73  7:52  Pylon, Probe  
  73  7:56  Nexus  
  74  8:02  Immortal  
  74  8:03  Probe  
  79  8:09  Immortal  
  83  8:16  Adept x3  
  83  8:17  Probe  
  83  8:19  Probe  
  91  8:23  Gateway  
  91  8:32  Probe  
  91  8:33  Probe x2  
  93  8:38  Pylon  
  93  8:40  Disruptor  
  97  8:42  Probe  
  97  8:44  Probe  
  97  8:47  Pylon  
  99  8:49  Probe  
  99  8:51  Pylon  
  99  8:53  Probe  
  101  8:56  Disruptor  
  100  9:09  Stalker x2  
  96  9:10  Stalker  
  81  9:41  Dark Templar  
Tags
 
Add a new tag
Caveats
  • Supply blocks, unpowered buildings, or Contaminate may cause inaccurate times.
  • Supply counts are checked every 10 seconds.